 Dungeon Crawl Stone Soup version 0.20-a0-454-g2b43fbb (webtiles) character file.

922 M4edhros the Insei (level 8, -3/78 HPs)
             Began as an Octopode Necromancer on Jan 9, 2017.
             Killed by divine providence
             ... invoked by an orc priest
              (13 damage)
             ... on level 6 of the Dungeon.
             The game lasted 00:14:31 (1844 turns).

M4edhros the Insei (Octopode Necromancer)           Turns: 1844, Time: 00:14:32

Health: -3/78      AC: 24    Str:  7    XL:     8   Next: 10%
Magic:  5/11       EV:  2    Int: 17    God:
Gold:   92         SH:  0    Dex: 20    Spells: 3/11 levels left

rFire  + . .     SeeInvis .       - Unarmed
rCold  x . .     Gourm    .     (no shield)
rNeg   + + +     Faith    .     (helmet currently unavailable)
rPois  +         Spirit   .     (no amulet)
rElec  .         Reflect  .     o - ring of fire
rCorr  .         Harm     .     (no ring)
MR     .....     NoTele   +     (no ring)
Stlth  ++++......               (no ring)
                                (no ring)
                                (no ring)
                                (no ring)
                                (no ring)

@: agile, tree-form, very slightly contaminated, hasted, very quick
A: almost no armour, stealthy swim, (amphibious), 8 rings, (constrict 8), (large
bone plates 0), (camouflage 0), (gelatinous body 0)
a: no special abilities


You were on level 6 of the Dungeon.
You were not hungry.
You were a tree.
You visited 1 branch of the dungeon, and saw 6 of its levels.
You also visited: Ossuary.

You collected 92 gold pieces.

Inventory:

Hand Weapons
 d - a +2 quarterstaff of chaos
 e - a +0 dagger of venom
Jewellery
 o - a ring of fire (left branch)
Wands
 r - a wand of polymorph (12/24)
Scrolls
 g - 6 scrolls of remove curse {unknown}
 i - 2 scrolls of amnesia
 j - a scroll of enchant weapon {unknown}
 k - 2 scrolls of identify {unknown}
 m - 2 scrolls of enchant armour {unknown}
 q - 3 scrolls of teleportation {unknown}
 s - a scroll of acquirement {unknown}
 u - a scroll of recharging {unknown}
 v - a scroll of torment {unknown}
 x - a scroll of immolation {unknown}
Potions
 l - 4 potions of brilliance
 t - a potion of mutation
 w - a potion of cancellation
 z - a potion of agility
Books
 a - a book of Necromancy

   Spells                             Type                      Level
   a - Pain                           Necromancy                   1
   b - Animate Skeleton               Necromancy                   1
   c - Vampiric Draining              Necromancy                   3
   d - Regeneration                   Charms/Necromancy            3
   e - Animate Dead                   Necromancy                   4
   f - Control Undead                 Necromancy                   4
 c - a book of Maledictions

   Spells                             Type                      Level
   a - Corona                         Hexes                        1
   b - Ensorcelled Hibernation        Hexes/Ice                    2
   c - Confuse                        Hexes                        3
   d - Tukima's Dance                 Hexes                        3
   e - Dazzling Spray                 Conjuration/Hexes            3
Comestibles
 b - 2 bread rations
 f - a meat ration
 h - 6 fruits
 n - 2 beef jerkies
 C - 17 chunks of flesh


   Skills:
 + Level 3.3 Fighting
 + Level 4.0 Dodging
 - Level 2.6 Stealth
 + Level 6.5 Unarmed Combat
 - Level 2.0 Spellcasting
 * Level 2.9 Hexes
 - Level 4.0 Necromancy


You had 3 spell levels left.
You knew the following spells:

 Your Spells              Type           Power        Failure   Level  Hunger
a - Pain                  Necr           ###.         3%          1    #......
b - Animate Skeleton      Necr           N/A          3%          1    #......
c - Regeneration          Chrm/Necr      #.........   24%         3    ###....
d - Tukima's Dance        Hex            ##......     21%         3    ###....


Dungeon Overview and Level Annotations

Branches:
Dungeon (6/15)
 Temple: D:4-7

Altars:


Innate Abilities, Weirdness & Mutations

You cannot wear most types of armour.
You are very stealthy in the water. (Stealth+)
((You are amphibious.))
You can wear up to eight rings at the same time.
((You can use your tentacles to constrict eight enemies at once.))
((Your skin changes colour to match your surroundings (Stealth+).))
((Your rubbery body absorbs attacks. (AC +1, EV +1)))
((You are partially covered in large bone plates. (SH +4)))


Message History

The orc warrior is heavily wounded.
The orc hits you but does no damage.
The orc priest looks satisfied for a moment.
The phantom hits you but does no damage.
You hit the orc warrior.
The orc warrior is heavily wounded.
The orc hits you but does no damage.
The orc warrior hits you but does no damage.
You hit the orc warrior.
The orc warrior is severely wounded.
The orc hits you but does no damage. The phantom hits you.
* * * LOW HITPOINT WARNING * * *
The orc warrior hits you.
* * * LOW HITPOINT WARNING * * *
You barely miss the orc warrior.
The orc warrior is severely wounded.
The orc hits you but does no damage.
The orc priest mumbles some strange prayers to Beogh against you.
Beogh smites you!
You die...

######### #.......#
#.##o##.#########
####.##.##.........#
#..o....)......oo..#
.o)...........oo♣..#
..##.##..#####o##W##
..##.....# # .#
...#.....### ..
....<....... ...
............ ..>#
#........... !...
#........... .....
#....oo.[...


You could see a phantom, an orc warrior, an orc priest and 3 orcs.

Vanquished Creatures
  Duvessa (D:5)
  2 ogres (D:4)
  Dowan (D:5)
  A scorpion (D:5)
  A howler monkey (D:5)
  Crazy Yiuf (D:2)
  A bullfrog skeleton (D:5)
  2 orc wizards (D:6)
  Natasha (D:2)
  An iguana (D:4)
  4 worker ants
  4 mummies
  2 adders (D:4)
  A shadow imp (D:6)
  An ooze (D:4)
  5 adder zombies (Ossuary)
  An adder skeleton (D:4)
  A dart slug (D:2)
  2 leopard geckos
  5 orcs
  3 bats
  3 giant cockroaches
  3 goblins (D:1)
  3 hobgoblins (D:1)
  4 jackals (D:4)
  5 kobolds
  2 quokkas
  A ball python skeleton (D:4)
  3 frilled lizards
  5 kobold zombies (Ossuary)
  An orc zombie (Ossuary)
  6 quokka zombies (Ossuary)
  A rat (D:1)
  A rat zombie (Ossuary)
79 creatures vanquished.

Vanquished Creatures (collateral kills)
  A centaur (D:5)
  A worker ant (D:5)
  2 orc wizards (D:5)
4 creatures vanquished.

Vanquished Creatures (others)
  A dancing weapon (D:6)
1 creature vanquished.

Grand Total: 84 creatures vanquished

Notes
Turn   | Place    | Note
-------+----------+-------------------------------------------
     0 | D:1      | M4edhros the Octopode Necromancer began the quest for the Orb.
     0 | D:1      | Reached XP level 1. HP: 11/11 MP: 3/3
    57 | D:1      | Reached skill level 1 in Unarmed Combat
   134 | D:1      | Reached XP level 2. HP: 10/17 MP: 0/5
   173 | D:1      | Reached skill level 2 in Unarmed Combat
   247 | D:2      | Noticed Natasha
   255 | D:2      | Killed Natasha
   255 | D:2      | Reached skill level 3 in Unarmed Combat
   255 | D:2      | Reached XP level 3. HP: 13/21 MP: 6/6
   258 | D:2      | Learned a level 1 spell: Animate Skeleton
   262 | D:2      | Learned a level 3 spell: Regeneration
   461 | D:2      | Found a runed door.
   465 | D:2      | Noticed Crazy Yiuf
   481 | D:2      | Killed Crazy Yiuf
   481 | D:2      | Reached XP level 4. HP: 8/27 MP: 7/7
   571 | D:4      | Reached skill level 4 in Unarmed Combat
   713 | D:5      | Entered Level 5 of the Dungeon
   714 | D:5      | Noticed Duvessa
   714 | D:5      | Noticed Dowan
   743 | D:4      | Reached XP level 5. HP: 25/31 MP: 8/8
   827 | D:4      | Found a sand-covered staircase.
   951 | D:4      | Reached skill level 5 in Unarmed Combat
   968 | Ossuary  | Entered an ossuary
  1150 | Ossuary  | Reached XP level 6. HP: 25/36 MP: 2/9
  1255 | D:4      | Reached skill level 1 in Fighting
  1279 | D:4      | Reached skill level 6 in Unarmed Combat
  1409 | D:5      | Reached XP level 7. HP: 26/45 MP: 10/10
  1477 | D:5      | Learned a level 3 spell: Tukima's Dance
  1550 | D:5      | Gained mutation: Your flesh is heat resistant. (rF+) [potion of mutation]
  1550 | D:5      | Gained mutation: You are partially covered in large bone plates. (SH +4) [potion of mutation]
  1550 | D:5      | Lost mutation: Your flesh is heat resistant. (rF+) [potion of mutation]
  1567 | D:5      | Killed Duvessa
  1567 | D:5      | Reached skill level 1 in Hexes
  1573 | D:5      | Killed Dowan
  1736 | D:5      | Reached XP level 8. HP: 19/52 MP: 4/11
  1844 | D:6      | Killed from afar by an orc priest

Vault maps used:
D:1:      sevenhm_arrival_forest_fort_small_3
D:2:      uniq_natasha, uniq_terence, uniq_crazy_yiuf_cottage
D:3:      uniq_robin
D:4:      minmay_wonky_spiral, gup_sewer_entry_bubbles,
          gup_ossuary_entry_pyramid, st_stairs_8
D:5:      first_bread, uniq_duvessa
Ossuary:  ossuary_minmay_chase

Skill      XL: |  1  2  3  4  5  6  7  8 |
---------------+-------------------------+-----
Unarmed Combat | 1 3 4 5 6 |  6.5
Fighting       | 2 3 |  3.3
Dodging        | 3 4 |  4.0
Hexes          | 2 |  2.9
Stealth        | |  2.6
Spellcasting   | |  2.0
Necromancy     | |  4.0

Action                   |  1- 3 |  4- 6 |  7- 9 || total
-------------------------+-------+-------+-------++-------
Melee: Unarmed           |    23 |    69 |    25 ||   117
       Constrict         |    12 |    36 |    18 ||    66
       Dagger            |    24 |    34 |    53 ||   111
       Tentacles         |     4 |    25 |    14 ||    43
       Punch             |       |     3 |     4 ||     7
 Cast: Pain              |    11 |     5 |     3 ||    19
       Regeneration      |     2 |    14 |    14 ||    30
       Animate Skeleton  |       |     5 |     7 ||    12
       Tukima's Dance    |       |       |     1 ||     1
  Use: Potion            |     2 |     1 |     7 ||    10
       Scroll            |       |       |     1 ||     1
 Stab: Sleeping          |     4 |     7 |     2 ||    13
  Eat: Chunk             |       |     2 |     2 ||     4
       Meat ration       |       |     1 |       ||     1
Armor: Skin              |     4 |     1 |    14 ||    19
Dodge: Dodged            |    29 |    58 |    41 ||   128
Block: Other             |       |       |     8 ||     8
